 Dungeon Crawl Stone Soup version 0.31-a0-233-g139696dc86 (webtiles) character file.

Game seed: 11706933393509846709

548 qw the Shooter (level 7, -8/59 HPs)
             Began as a Minotaur Hexslinger on July 9, 2023.
             Mangled by Duvessa
             ... wielding a +0 short sword of holy wrath
              (10 damage)
             ... on level 4 of the Dungeon.
             The game lasted 00:01:06 (2881 turns).

qw the Shooter (Minotaur Hexslinger)                Turns: 2881, Time: 00:01:07

Health: -8/59      AC:  5    Str: 12    XL:     7   Next: 7%
Magic:  7/7        EV: 16    Int: 10    God:
Gold:   244        SH:  0    Dex: 15    Spells: 7/8 levels left

rFire   . . .        Y - +2 sling
rCold   . . .        (no shield)
rNeg    . . .        a - +0 ring mail
rPois   .            (helmet restricted)
rElec   .            (no cloak)
rCorr   .            (no gloves)
SInv    .            (no boots)
Will    .....        (no amulet) Stlth
                     k - +5 ring of evasion
HPRegen 0.29/turn    (no ring)
MPRegen 0.10/turn

%: no passive effects
@: confused
A: horns 2, retaliatory headbutt
a: no special abilities


You were on level 4 of the Dungeon.
You visited 1 branch of the dungeon, and saw 4 of its levels.

You collected 244 gold pieces.


Innate Abilities, Weirdness & Mutations

You have a pair of horns on your head.
You reflexively headbutt those who attack you in melee.


   Skills:
 - Level 4.2 Fighting
 + Level 7.3 Ranged Weapons
 - Level 1.6 Armour
 - Level 2.1 Dodging
 - Level 1.0 Spellcasting
 - Level 2.0 Hexes


You had 7 spell levels left.
You knew the following spells:

 Your Spells              Type           Power      Damage    Failure   Level
a - Slow                  Hex            16%        N/A       32%         1

Your spell library contained the following spells:

 Spells                   Type           Power      Damage    Failure   Level
 Inner Flame              Hex/Fire       2%         N/A       83%         3
 Portal Projectile        Hex/Tloc       4%         N/A       83%         3
 Cause Fear               Hex            2%         N/A       97%         4

Inventory:

Hand Weapons
 Y - a +2 sling (weapon)
Armour
 a - a +0 ring mail (worn)
 c - a +0 cloak
 m - a +0 pair of gloves
Jewellery
 e - a ring of poison resistance
 k - a +5 ring of evasion (left hand)
Scrolls
 g - a scroll of fear {unknown}
 i - a scroll of identify
Potions
 b - a potion of mutation
 d - a potion of resistance
 f - 2 potions of brilliance {unknown}
 j - a potion of degeneration {unknown}
 l - a potion of haste

Dungeon Overview and Level Annotations

Branches:
Dungeon (4/15)
 Temple: D:4-7

Altars:
Nemelex Xobeh

Annotations:
D:3 2 runed translucent doors, qw's ghost, weakling GrHs
D:4 Duvessa; Sigmund


Message History

You shoot a sling bullet. The sling bullet hits Dowan.
Dowan is heavily wounded.
Duvessa misses you. Dowan barely misses you.
You shoot a sling bullet. The sling bullet barely misses Dowan.
Duvessa hits you but does no damage. Dowan misses you.
Something hits you but does no damage.
Duvessa hits you with a +0 short sword of holy wrath.
Dowan misses you.
You shoot a sling bullet. The sling bullet hits Dowan.
Dowan is severely wounded.
Duvessa barely misses you. You furiously retaliate!
You headbutt Duvessa.
Dowan casts a spell at Duvessa.
Duvessa seems to speed up.
Something hits you!
You shoot a sling bullet. The sling bullet closely misses Dowan.
Duvessa barely misses you. You furiously retaliate!
You headbutt Duvessa. Dowan barely misses you. You furiously retaliate!
You headbutt Dowan!
You kill Dowan!
Duvessa screams in rage.
Duvessa goes berserk!
Duvessa hits you with a +0 short sword of holy wrath!
You have reached level 7!
You shoot a sling bullet. The sling bullet hits Duvessa.
Duvessa is moderately wounded.
Duvessa completely misses you. Something barely misses you. Duvessa misses you.
You shoot a sling bullet. The sling bullet barely misses Duvessa.
Duvessa hits you with a +0 short sword of holy wrath!
You shoot a sling bullet.
The sling bullet closely misses Duvessa.
Duvessa hits you with a +0 short sword of holy wrath!
Duvessa hits you with a +0 short sword of holy wrath.
Something hits you!
You shoot a sling bullet. The sling bullet barely misses Duvessa.
Duvessa misses you. x2
You shoot a sling bullet. The sling bullet barely misses Duvessa.
Duvessa closely misses you. You furiously retaliate!
You headbutt Duvessa!
You hear some strange, mumbled words.
You are confused.
Duvessa closely misses you.
Duvessa hits you with a +0 short sword of holy wrath!
You die...

..#..# ..#..# #
..##.###. .# ..##..##.
..# ####..##.# ###<###
####..##.# ......#
%........# .......
......#).########.......
......+.......%.@){.....
......###..#####.e......
......'..#..............
......##.#..####........
......##.#..# #........
......##.#..# #........
########.#..# #...>...#
#.#..# ##......# #.#..#


You could see Duvessa (berserk, fast).

Vanquished Creatures
  Grinder (D:3)
  A scorpion (D:4)
  Dowan (D:4)
  A hound (D:4)
  Terence (D:3)
  An iguana (D:4)
  Ijyb (D:3)
  7 adders
  4 worms
  2 orcs
  7 bats
  4 endoplasms
  A giant cockroach (D:3)
  10 goblins
  7 hobgoblins
  4 quokkas
  6 ball pythons
  4 frilled lizards
  10 kobolds
  3 rats
76 creatures vanquished.

Notes
Turn   | Place    | Note
-------+----------+-------------------------------------------
     0 | D:1      | qw the Minotaur Hexslinger began the quest for the Orb.
     0 | D:1      | Reached XP level 1. HP: 16/16 MP: 1/1
     0 | D:1      | 0 ||| qw: Version: 0.3-a-51-g015441d
     0 | D:1      | 0 ||| qw: Game counter: 3963
     0 | D:1      | 0 ||| qw: Melee chars always use a shield: true
     0 | D:1      | 0 ||| qw: God list: Okawaru
     0 | D:1      | 0 ||| qw: Allow faded altars: false
     0 | D:1      | 0 ||| qw: Do Orc after clearing Dungeon:15 true
     0 | D:1      | 0 ||| qw: Do second Lair branch before Depths: true
     0 | D:1      | 0 ||| qw: Lair rune preference: random
     0 | D:1      | 0 ||| qw: Goals: Normal
     0 | D:1      | 0 ||| PLANNING D:1-11
   222 | D:1      | Reached skill level 3 in Ranged Weapons
   229 | D:1      | Reached XP level 2. HP: 23/23 MP: 2/2
   638 | D:1      | 638 ||| READING scroll labelled YJAJOZ BIUTSEE.
   639 | D:1      | 639 ||| READING scroll labelled YNUOTI QIMIRR.
   640 | D:1      | 640 ||| READING scroll labelled TIOPUO EBLOGA.
   641 | D:1      | 641 ||| DROPPING scroll of poison.
   741 | D:2      | Reached XP level 3. HP: 22/29 MP: 3/3
   922 | D:2      | Reached skill level 4 in Ranged Weapons
   979 | D:2      | Reached XP level 4. HP: 34/36 MP: 4/4
  1023 | D:2      | Found a sparkling altar of Nemelex Xobeh.
  1298 | D:2      | 1298 ||| UPGRADING to +0 leather armour.
  1308 | D:2      | 1308 ||| DROPPING +0 robe.
  1309 | D:2      | 1309 ||| UPGRADING to +5 ring of evasion.
  1310 | D:2      | 1310 ||| READING scroll labelled GUSAAK KEMAGEGG.
  1311 | D:2      | 1311 ||| READING 2 scrolls labelled GIMOLU OTONIEM.
  1312 | D:2      | 1312 ||| READING scroll labelled QASTAR FOUGU.
  1378 | D:2      | 1378 ||| READING scroll labelled YDAMICULUU.
  1379 | D:2      | 1379 ||| READING scroll labelled GEBROE XIAZERPH.
  1380 | D:2      | 1380 ||| DRINKING 2 murky grey potions.
  1381 | D:2      | 1381 ||| DRINKING 2 golden potions.
  1382 | D:2      | 1382 ||| READING 3 scrolls of identify.
  1382 | D:2      | 1382 ||| IDENTIFYING blue potion
  1383 | D:2      | 1383 ||| READING 2 scrolls of identify.
  1383 | D:2      | 1383 ||| IDENTIFYING fizzy white potion
  1384 | D:2      | 1384 ||| DROPPING scroll of noise.
  1385 | D:2      | 1385 ||| DROPPING potion of berserk rage.
  1434 | D:3      | Reached skill level 5 in Ranged Weapons
  1505 | D:3      | Noticed Ijyb
  1506 | D:3      | Paralysed by Ijyb for 5 turns
  1517 | D:3      | Paralysed by Ijyb for 5 turns
  1528 | D:3      | Paralysed by Ijyb for 5 turns
  1531 | D:3      | HP: 9/36 [Ijyb/+0 club (5)]
  1534 | D:3      | Killed Ijyb
  1535 | D:3      | Reached skill level 3 in Fighting
  1671 | D:3      | Found a faded altar of an unknown god.
  1699 | D:3      | Noticed Terence
  1703 | D:3      | Killed Terence
  1704 | D:3      | Reached XP level 5. HP: 38/45 MP: 5/5
  1856 | D:3      | Noticed Grinder
  1870 | D:3      | Paralysed by Grinder for 5 turns
  1875 | D:3      | Killed Grinder
  1876 | D:3      | Reached skill level 7 in Ranged Weapons
  1876 | D:3      | Reached XP level 6. HP: 17/51 MP: 6/6
  2370 | D:3      | Found a large runed translucent door.
  2370 | D:3      | Found a large runed translucent door.
  2373 | D:3      | Noticed qw's ghost (weakling GrHs)
  2380 | D:3      | 2380 ||| UPGRADING to +0 ring mail.
  2390 | D:3      | 2390 ||| DROPPING +0 leather armour.
  2391 | D:3      | 2391 ||| DRINKING 2 fizzy emerald potions.
  2444 | D:3      | 2444 ||| DRINKING 2 yellow potions.
  2445 | D:3      | 2445 ||| DROPPING potion of lignification.
  2578 | D:4      | Reached skill level 1 in Armour
  2864 | D:4      | Noticed Sigmund
  2864 | D:4      | Noticed Dowan
  2865 | D:4      | Noticed Duvessa
  2866 | D:4      | 2866 ||| DRINKING potion of curing.
  2866 | D:4      | 2866 ||| (to cure confusion)
  2875 | D:4      | Killed Dowan
  2876 | D:4      | Reached XP level 7. HP: 38/59 MP: 7/7
  2878 | D:4      | HP: 10/59 [Duvessa/+0 short sword of holy wrath (6)]
  2878 | D:4      | HP: 1/59 [something (9)]
  2881 | D:4      | Mangled by Duvessa

Levels and vault maps discovered:
D:1:      dpeg_arrival_round_a, layout_basic
D:2:      minmay_general_purpose_star, layout_rooms, basic_altar
D:3:      layout_loops_cross, ebering_ghost_disaster_area,
          ebering_ecumenical_altar_box, uniq_terence, uniq_grinder, uniq_ijyb
D:4:      layout_basic, minmay_temple_entry_antechambers, uniq_sigmund,
          uniq_duvessa

Skill      XL: |  1  2  3  4  5  6 |
---------------+-------------------+-----
Ranged Weapons | 3 4 5 7 |  7.3
Fighting       | 2 3 4 |  4.2
Armour         | 1 |  1.6
Dodging        | |  2.1
Spellcasting   | |  1.0
Hexes          | |  2.0

Action                     |  1- 3 |  4- 6 |  7- 9 || total
---------------------------+-------+-------+-------++-------
   Fire: Sling             |    83 |   153 |     5 ||   241
    Use: Scroll            |     3 |     7 |       ||    10
         Potion            |       |     5 |       ||     5
 Armour: Robe              |     2 |     5 |       ||     7
         Leather armour    |       |     3 |       ||     3
         Ring mail         |       |     4 |       ||     4
  Dodge: Dodged            |    16 |    55 |     7 ||    78

Table legend:
 A = Non-vault XP
 B = Vault XP
 C = Vault XP percentage of total XP
 D = Non-vault monster count
 E = Vault monster count
 F = Vault count percentage of total count
                 A         B        C        D         E       F
            +---------+---------+-------+---------+---------+-------
      Total |     359 |     425 |  54.2 |      67 |       9 |  11.8
            +---------+---------+-------+---------+---------+-------
        D:1 |      32 |       0 |   0.0 |      21 |       0 |   0.0
        D:2 |      87 |      11 |  11.2 |      24 |       5 |  17.2
        D:3 |      60 |     345 |  85.2 |      15 |       3 |  16.7
        D:4 |     180 |      69 |  27.7 |       7 |       1 |  12.5
            +---------+---------+-------+---------+---------+-------
